 Dungeon Crawl Stone Soup version 0.15-a0-1968-gb423ccb (webtiles) character file.

5291 Conan321 the Thrower (level 10, 0/53 (56) HPs)
             Began as a Halfling Assassin on July 9, 2014.
             Was a Follower of Vehumet.
             Succumbed to a swamp dragon's poison gas
             ... on Level 8 of the Dungeon on July 10, 2014.
             The game lasted 00:59:48 (10545 turns).

Conan321 the Thrower (Halfling Assassin)           Turns: 10545, Time: 00:59:48

HP   0/53 (56)   AC  8     Str 12      XL: 10   Next: 94%
MP  10/10        EV 19     Int 10      God: Vehumet [*.....]
Gold 445         SH  0     Dex 19      Spells:  1 memorised,  8 levels left

rFire  . . .     SeeInvis +     a - +1 whip (elec)
rCold  . . .     Clarity  .     r - +0 leather armour
rNeg   . . .     rCorr    .     (no shield)
rPois  .         rRot     .     B - +0 helmet
rElec  .         Spirit   .     K - +1 cloak {MR+}
SustAb .         Warding  .     (no gloves)
rMut   .         Stasis   .     G - +0 pair of boots
Gourm  .                        (no amulet)
MR     ++...                    H - ring of protection from magic
                                W - ring of see invisible

@: lethally poisoned, very slightly contaminated, very resistant to hostile
enchantments, stealthy
A: frail 1, mutation resistance 1
a: Renounce Religion


You were on level 8 of the Dungeon.
You worshipped Vehumet.
Vehumet was aware of your devotion.
You were hungry.

You visited 2 branches of the dungeon, and saw 9 of its levels.

You collected 487 gold pieces.
You spent 42 gold pieces at shops.

Inventory:

Hand weapons
 a - a +1 whip of electrocution (weapon)
 b - a +1 shortbow of velocity
 i - a +3 spear of flaming
 u - a cursed -2 war axe
 E - a +1 blowgun
 F - a +0 shortbow
 T - a +1 quarterstaff of draining
 U - a +2 dagger
Missiles
 e - 24 poisoned needles
 f - 6 poisoned tomahawks (quivered)
 j - 5 needles of confusion
 l - 41 sling bullets
 v - 98 arrows
 w - 60 arrows of flame
 M - 4 tomahawks
 N - 20 bolts of flame
Armour
 r - a +0 leather armour (worn)
 B - a +0 helmet (worn)
 G - a +0 pair of boots (worn)
 K - a +1 cloak of magic resistance (worn)
 V - a +2 robe of cold resistance
Magical devices
 d - a wand of frost (9) {unknown}
 p - a wand of enslavement (8) {unknown}
 x - a wand of slowing (5)
 O - a wand of slowing (11)
 Q - a wand of cold (10) {unknown}
Comestibles
 g - 3 bread rations
 I - a meat ration
Scrolls
 c - a scroll of fear {unknown}
 h - 4 scrolls of remove curse
 n - a scroll of fog {unknown}
 o - a scroll of enchant weapon
 q - a scroll of teleportation {unknown}
 s - a scroll of amnesia
 t - 3 scrolls of blinking
 y - 2 scrolls of immolation {unknown}
 A - a scroll of magic mapping {unknown}
 C - 3 scrolls of enchant armour {unknown}
 J - a scroll of recharging {unknown}
Jewellery
 k - an uncursed ring of stealth
 H - a ring of protection from magic (right hand)
 R - a +3 ring of dexterity
 W - a ring of see invisible (left hand)
Potions
 z - a potion of restore abilities {unknown}
 L - 4 potions of curing
 P - a potion of brilliance
 S - a potion of cancellation {unknown}
Books
 m - a Grand Grimoire {highlevel, unknown}

   This book is beyond your current level of understanding.

   Spells                             Type                      Level
   Aura of Abjuration                 Summoning                    6
   Forceful Dismissal                 Summoning                    6
   Summon Greater Demon               Summoning                    7
   Malign Gateway                     Summoning/Translocation      7
   Summon Horrible Things             Summoning                    8


   Skills:
 + Level 3.9 Fighting
 + Level 4.7 Short Blades
 + Level 1.5 Maces & Flails
 + Level 2.0 Polearms
 + Level 12.4 Throwing
 + Level 4.6 Armour
 + Level 8.2 Dodging
 + Level 7.3 Stealth
 + Level 0.2 Spellcasting
 + Level 0.2 Conjurations
 + Level 0.2 Fire Magic
 + Level 0.4 Evocations


You had 8 spell levels left.
You knew the following spells:

 Your Spells              Type           Power        Failure   Level  Hunger
a - Flame Tongue          Conj/Fire      #....        38%         1    ##.....


Dungeon Overview and Level Annotations

Branches:
Dungeon (8/15)             Temple (1/1) D:7
   Lair: D:8-11

Altars:
Ashenzari
Cheibriados
Dithmenos
Elyvilon
Fedhas
Gozag
Kikubaaqudgha
Makhleb
Nemelex Xobeh
Okawaru
Qazlal
Sif Muna
Trog
Vehumet
Xom
Yredelemnul
Zin
The Shining One

Shops:
D:6 !


Innate Abilities, Weirdness & Mutations

You are small and have problems with some larger weapons.
You are somewhat resistant to further mutation.
You are frail (-10% HP).


Message History

Press: ? - help, Shift-Dir - straight line, f/p - harpy
Aim: a harpy shaped shifter (moderately wounded)
You throw a poisoned tomahawk. The poisoned tomahawk hits the harpy!
The harpy is heavily wounded.
You feel sick.
Throwing (i - inventory. (,) - cycle):
f - 8 poisoned tomahawks (quivered)
Press: ? - help, Shift-Dir - straight line, f/p - harpy
Aim: a harpy shaped shifter (heavily wounded)
You throw a poisoned tomahawk. The poisoned tomahawk hits the harpy!
The harpy is severely wounded.
You feel sick. The harpy claws you.
* * * LOW HITPOINT WARNING * * *
The harpy claws you!
* * * LOW HITPOINT WARNING * * *
Throwing (i - inventory. (,) - cycle):
f - 7 poisoned tomahawks (quivered)
Press: ? - help, Shift-Dir - straight line, f/p - harpy
Aim: a harpy shaped shifter (severely wounded)
You throw a poisoned tomahawk.
The poisoned tomahawk barely misses the harpy.
You die...

#.#.#.......##.....####.# #
#.#......#####..........# #
#.###....#####..........#
#.###...###..+..........# #
#....(....#.##.........## #
#####..(..#.#.%.......### #
#######.....H.....##.#....#
#
#§§.(..(..(((.....##......#
#
#§####...(.(@.....##(#....#
#
#........(........##(######
#
#####.....#......##)########
#.#.###......##.##....(.
#.#....#.######(.....y.#
#.####.#.#########.###.#
#####.#..............#.# #.#
#.....##.#.#.#...# #.#.# #[#
#............#.#.###.#.# #.#


You could see a harpy shaped shifter.

Vanquished Creatures
  An unseen horror (D:8)
  A hill giant (D:7)
  Pikel (D:7)
  A two-headed ogre (D:8)
  A troll (D:7)
  2 hippogriffs
  Edmund (D:7)
  3 ice beasts
  A necrophage (D:6)
  A phantom (D:8)
  2 black bears
  3 ogres
  An orc warrior (D:8)
  A sky beast (D:5)
  2 centaurs
  Sigmund (D:2)
  2 giant frogs
  A scorpion (D:7)
  An eye of draining (D:8)
  6 killer bees (D:7)
  4 goliath beetles
  3 crimson imps
  6 hounds
  3 jellies
  5 iguanas
  A killer bee zombie (D:7)
  8 worker ants
  Ijyb (D:7)
  A hound zombie (D:5)
  A hound skeleton (D:4)
  17 adders
  6 gnolls
  An orc zombie (D:8)
  A gnoll skeleton (D:6)
  3 worms
  A shadow imp (D:8)
  A gnoll zombie (D:7)
  An iguana skeleton (D:4)
  An adder skeleton (D:7)
  4 giant geckos
  An ooze (D:2)
  18 orcs
  13 bats
  5 giant cockroaches
  9 goblins
  16 hobgoblins
  4 jackals
  7 kobolds
  4 quokkas
  2 ball pythons
  7 giant newts
  11 rats
199 creatures vanquished.

Vanquished Creatures (others)
  A black bear (D:7)
1 creature vanquished.

Grand Total: 200 creatures vanquished

Notes
Turn   | Place    | Note
--------------------------------------------------------------
     0 | D:1      | Conan321, the Halfling Assassin, began the quest for the Orb.
     0 | D:1      | Reached XP level 1. HP: 14/14 MP: 1/1
   209 | D:1      | Reached XP level 2. HP: 19/19 MP: 2/2
   517 | D:1      | Reached XP level 3. HP: 20/24 MP: 3/3
   927 | D:2      | Found a deep blue altar of Sif Muna.
   987 | D:2      | Reached XP level 4. HP: 19/29 MP: 4/4
  1045 | D:2      | Noticed Sigmund
  1064 | D:2      | Killed Sigmund
  1064 | D:2      | Reached skill level 5 in Stealth
  1064 | D:2      | Reached XP level 5. HP: 11/34 MP: 5/5
  2065 | D:3      | Noticed a black bear
  2100 | D:3      | Killed a black bear
  2100 | D:3      | Reached XP level 6. HP: 32/41 MP: 6/6
  2165 | D:3      | Found a sparkling altar of Nemelex Xobeh.
  2372 | D:3      | Reached XP level 7. HP: 42/45 MP: 7/7
  2600 | D:3      | Reached skill level 1 in Armour
  3437 | D:4      | Reached skill level 5 in Throwing
  3980 | D:5      | Entered Level 5 of the Dungeon
  4005 | D:5      | Reached skill level 6 in Stealth
  4208 | D:5      | Found a sparkling altar of Nemelex Xobeh.
  4919 | D:5      | Reached XP level 8. HP: 40/51 MP: 8/8
  5125 | D:5      | Gained mutation: You are frail (-10% HP). [potion of mutation]
  5334 | D:5      | HP: 1/45 [ice beast (14)]
  5421 | D:5      | Identified a scroll of acquirement
  6600 | D:6      | Reached skill level 5 in Dodging
  7232 | D:6      | Reached skill level 7 in Throwing
  7827 | D:6      | Found Pitwaih's Distillery.
  7835 | D:6      | Bought a potion of heal wounds for 42 gold pieces
  8011 | D:6      | Reached XP level 9. HP: 40/47 MP: 9/9
  8243 | D:7      | Reached skill level 8 in Throwing
  8255 | D:7      | Reached skill level 1 in Polearms
  8402 | D:7      | Noticed Edmund
  8410 | D:7      | Killed Edmund
  8480 | D:7      | Noticed Ijyb
  8502 | D:7      | Killed Ijyb
  8535 | D:7      | Reached skill level 9 in Throwing
  8580 | D:7      | Noticed a hill giant
  8637 | D:7      | Killed a hill giant
  8646 | D:7      | Reached skill level 10 in Throwing
  8647 | D:7      | Reached XP level 10. HP: 41/53 MP: 10/10
  8715 | D:7      | Noticed a troll
  8720 | D:7      | Killed a troll
  8836 | D:7      | Noticed Pikel
  8846 | D:7      | Killed Pikel
  8846 | D:7      | Reached skill level 11 in Throwing
  8939 | D:7      | Found a staircase to the Ecumenical Temple.
  8992 | Temple   | Entered the Ecumenical Temple
  9055 | Temple   | Became a worshipper of Vehumet
  9998 | D:8      | Reached skill level 1 in Maces & Flails
 10060 | D:8      | Acquired Vehumet's first power
 10060 | D:8      | Offered knowledge of Flame Tongue by Vehumet.
 10064 | D:8      | Learned a level 1 spell: Flame Tongue
 10181 | D:8      | Noticed an unseen horror
 10191 | D:8      | Killed an unseen horror
 10191 | D:8      | Reached skill level 12 in Throwing
 10458 | D:8      | Noticed a red wasp
 10458 | D:8      | a basilisk changed into a red wasp
 10471 | D:8      | Noticed a ghost crab
 10471 | D:8      | a red wasp changed into a ghost crab
 10484 | D:8      | Noticed a moth of wrath
 10484 | D:8      | a snapping turtle changed into a moth of wrath
 10511 | D:8      | Noticed a swamp dragon
 10511 | D:8      | a moth of wrath changed into a swamp dragon
 10526 | D:8      | Noticed a harpy
 10526 | D:8      | a swamp dragon changed into a harpy
 10544 | D:8      | HP: 1/53 [harpy (shapeshifter) (7)]
 10545 | D:8      | Succumbed to a swamp dragon's poison gas

Action                   |  1- 3 |  4- 6 |  7- 9 | 10-12 || total
-------------------------+-------+-------+-------+-------++-------
Melee: Dagger            |    76 |    69 |   287 |       ||   432
       Spear             |       |       |    67 |     8 ||    75
       Whip              |       |       |       |    86 ||    86
 Fire: Blowgun           |     8 |    33 |    16 |       ||    57
Throw: Throwing net      |       |       |     2 |       ||     2
       Tomahawk          |       |       |   131 |   108 ||   239
 Cast: Flame Tongue      |       |       |       |     3 ||     3
Evoke: Wand              |       |       |     4 |       ||     4
  Use: Scroll            |       |       |     8 |     4 ||    12
       Potion            |       |       |    14 |     1 ||    15
 Stab: Sleeping          |     6 |     9 |    13 |     9 ||    37
       Distracted        |       |     1 |     1 |       ||     2
  Eat: Chunk             |       |     4 |    14 |     4 ||    22
       Beef jerky        |       |       |     1 |       ||     1
       Pizza             |       |       |     1 |       ||     1
       Meat ration       |       |       |     1 |       ||     1
